 Dungeon Crawl Stone Soup version 0.26-a0-466-g989023bd0d (webtiles) character file.

Game seed: 10195143556695735216

15315 Ashen the Zephyrmancer (level 12, -2/75 HPs)
             Began as a Tengu Air Elementalist on Aug 9, 2020.
             Was an Elder of Vehumet.
             Slain by a black mamba (15 damage)
             ... on level 8 of the Dungeon.
             The game lasted 00:56:21 (19679 turns).

Ashen the Zephyrmancer (Tengu Air Elementalist)    Turns: 19679, Time: 00:56:22

Health: -2/75      AC:  7    Str:  9    XL:     12   Next: 25%
Magic:  25/25      EV: 21    Int: 20    God:    Vehumet [****..]
Gold:   732        SH:  5    Dex: 15    Spells: 3/27 levels left

rFire    . . .     SeeInvis .   V - +2 dagger (venom)
rCold    . . .     Faith    .   (no shield)
rNeg     . . .     Spirit   .   W - +0 troll leather armour
rPois    .         Reflect  +   (helmet restricted)
rElec    .         Harm     .   Q - +2 cloak {rCorr}
rCorr    +                      (no gloves)
MR       +....                  (boots unavailable)
Stlth    ++........             G - amulet of reflection
HPRegen  0.62/turn              b - ring of wizardry
MPRegen  0.19/turn              j - ring of protection from magic

@: flying quickly and evasively, quick
A: beak, talons 3, able to fly
a: Stop Flying, Renounce Religion


You were on level 8 of the Dungeon.
You worshipped Vehumet.
Vehumet was greatly pleased with you.
You visited 3 branches of the dungeon, and saw 14 of its levels.
You also visited: Ossuary.

You collected 732 gold pieces.

Inventory:

Hand Weapons
 O - a +1 dagger of chaos
 S - a +1 scimitar of distortion
 U - a +2 dagger of electrocution
 V - a +2 dagger of venom (weapon)
Armour
 d - +0 steam dragon scales
 i - a +0 kite shield
 Q - a +2 cloak of preservation (worn)
 W - a +0 troll leather armour (worn)
 X - a +1 robe of cold resistance
 Z - the +2 pair of gloves "Ottitae" {*Slow rElec Str+4}
   (You found it on level 12 of the Dungeon)

   It affects your strength (+4).
   It insulates you from electricity.
   It may slow you when you take damage.
Magical Staves
 t - an uncursed staff of conjuration
Jewellery
 b - a ring of wizardry (left hand)
 j - a ring of protection from magic (right hand)
 G - an amulet of reflection (around neck)
 Y - an uncursed ring of ice
Wands
 l - a wand of flame (13)
 q - a wand of disintegration (17)
 P - a wand of digging (6)
Scrolls
 e - 6 scrolls of teleportation
 g - a scroll of noise
 k - a scroll of amnesia
 w - 5 scrolls of remove curse
 y - 2 scrolls of fog {unknown}
 A - 19 scrolls of identify
 B - a scroll of acquirement {unknown}
 C - 5 scrolls of enchant weapon {unknown}
 E - 3 scrolls of blinking {unknown}
 J - 4 scrolls of enchant armour {unknown}
 M - 2 scrolls of magic mapping
 N - a scroll of fear {unknown}
 R - a scroll of silence {unknown}
Potions
 a - a potion of ambrosia {unknown}
 c - 6 potions of curing
 f - 3 potions of invisibility
 h - 3 potions of stabbing
 m - 4 potions of brilliance
 p - 2 potions of degeneration {unknown}
 s - a potion of berserk rage {unknown}
 u - a potion of haste {unknown}
 v - 4 potions of cancellation {unknown}
 x - 2 potions of might {unknown}
 z - 5 potions of heal wounds {unknown}
 F - a potion of magic {unknown}
 H - 3 potions of flight {unknown}


   Skills:
 + Level 8.8 Fighting
 + Level 9.9 Dodging
 - Level 2.0 Stealth
 + Level 8.4 Spellcasting
 + Level 11.4 Conjurations
 + Level 11.9 Air Magic


You had 3 spell levels left.
You knew the following spells:

 Your Spells              Type           Power        Failure   Level
a - Shock                 Conj/Air       ####         1%          1
b - Swiftness             Air            ######..     1%          2
c - Static Discharge      Conj/Air       ######..     1%          3
d - Airstrike             Air            ######....   1%          4
e - Lightning Bolt        Conj/Air       ######....   1%          5
f - Foxfire               Conj/Fire      ####         1%          1
g - Searing Ray           Conj           ######       1%          2
h - Mephitic Cloud        Conj/Pois/Air  #####...     1%          3
i - Ignite Poison         Fire/Tmut/Pois #.......     4%          3

Your spell library contained the following spells:

 Spells                   Type           Power        Failure   Level
 Iskenderun's Mystic Bla  Conj/Tloc      ####....     1%          4


Dungeon Overview and Level Annotations

Branches:
Dungeon (12/15)            Temple (1/1) D:4            Lair (1/6) D:8
    Orc (0/2) D:10        Ossuary (visited)

Altars:
Ashenzari
Cheibriados
Dithmenos
Elyvilon
Fedhas
Gozag
Hepliaklqana
Kikubaaqudgha
Makhleb
Nemelex Xobeh
Okawaru
Qazlal
Ru
Sif Muna
Trog
Uskayaw
Vehumet
Wu Jian
Xom
Yredelemnul
Zin
The Shining One

Shops:
D:7 *   D:8 [   D:9 [   D:11 }

Annotations:
D:10 3 runed translucent doors, sigonnn's ghost, journeyman PaFi
D:12 , 2 transporters, exclusion: ice statue, Qeum's ghost, journeyman MiBe


Innate Abilities, Weirdness & Mutations

You have a beak for a mouth.
You have claws for feet.
You can fly continuously.


Message History

You feel sick. The black mamba bites you.
* * * LOW HITPOINT WARNING * * *
You are lethally poisoned!
The black mamba poisons you!
You feel better. You block the black mamba's attack.
The black mamba misses you. The black mamba closely misses you.
The black mamba closely misses you. The black mamba misses you.
The black mamba closely misses you.
There is a staircase back to the Dungeon, spattered with blood here.
The black mamba misses you. The black mamba bites you!
* * * LOW HITPOINT WARNING * * *
You fly upwards.
Welcome back to the Dungeon!
There is a staircase to the Lair, spattered with blood here.
You feel better. The black mamba bites you!
* * * LOW HITPOINT WARNING * * *
The black mamba bites you but does no damage.
You feel better. The black mamba bites you!
You die...

.....##≈####...#.######...###..##
.....#####...............## #..#
......................#.## ##..##
.......##......###....#.####....#
#.....####..#...≈...#.#..##..##..
##...## ###..#...#..##..........
##'## #.##P..##†###......... #.#
#...S.PP..# #.#.#####. #.#
#≈.P.@PP.≈###.#.# #. ###.##
#....PP...#.....# #. ##...##
#.##PPP##.#.###.# #. ^.....#
##..#...#..#.# #.#####. .....##
#.#...≈...#..# #.....).
....#######....###....#######)###
......)...............# #.....)..
.....#####.......###### #.###....
.^...# ######### #.# ####.


You could see a black mamba.

Vanquished Creatures
  Snorg (D:12)
  Fannar (D:11)
  A two-headed ogre (D:10)
  Urug (D:10)
  An oklob plant (D:8)
  A manticore (D:12)
  An ugly thing (D:11)
  Joseph (D:9)
  Maurice (D:8)
  Maggie (D:8)
  Psyche (D:8)
  A komodo dragon (D:8)
  A hornet (D:11)
  3 trolls
  2 hippogriffs
  7 yaks
  A steam dragon (D:12)
  Edmund (D:5)
  An acid dragon (D:12)
  Duvessa (D:7)
  2 water moccasins
  12 orc warriors
  An eye of draining (D:11)
  A necrophage (D:9)
  2 phantoms
  7 ogres
  4 sky beasts
  4 centaurs
  Blork the orc (D:4)
  12 bullfrogs
  A gnoll sergeant (D:9)
  2 wyvern zombies
  Dowan (D:7)
  4 scorpions
  4 killer bees (D:7)
  17 wights
  3 howler monkeys
  7 bullfrog zombies
  2 jellies
  A centaur zombie (Ossuary)
  7 orc priests
  17 orc wizards
  9 hounds
  A centaur skeleton (D:11)
  A bullfrog skeleton (D:10)
  11 worker ants
  2 killer bee zombies (Ossuary)
  6 hound zombies (Ossuary)
  A hound skeleton (D:5)
  15 mummies (Ossuary)
  3 worker ant zombies
  3 gnolls (D:5)
  12 adders
  A shadow imp (D:9)
  2 white imps
  3 ufetubi
  3 oozes
  5 adder zombies (Ossuary)
  A worm (D:4)
  3 dart slugs (D:1)
  5 leopard geckos
  53 orcs
  5 ball pythons
  6 bats
  7 giant cockroaches
  6 goblins
  6 hobgoblins
  15 jackals
  4 kobolds
  5 quokkas
  4 frilled lizards
  A giant cockroach zombie (Ossuary)
  A jackal skeleton (D:5)
  A leopard gecko zombie (Ossuary)
  A quokka skeleton (D:5)
  2 quokka zombies
  10 rats
  A rat zombie (D:6)
  A plant (D:8)
357 creatures vanquished.

Vanquished Creatures (others)
  Grum (D:10)
  3 wolves (D:10)
  A centaur skeleton (D:10)
  23 foxfires
  2 withered plants (Ossuary)
30 creatures vanquished.

Grand Total: 387 creatures vanquished

Notes
Turn   | Place    | Note
-------+----------+-------------------------------------------
     0 | D:1      | Ashen the Tengu Air Elementalist began the quest for the
                  | Orb.
     0 | D:1      | Reached XP level 1. HP: 10/10 MP: 4/4
   214 | D:1      | Reached XP level 2. HP: 12/16 MP: 0/6
   704 | D:1      | Reached XP level 3. HP: 20/20 MP: 4/7
   826 | D:1      | Reached skill level 1 in Fighting
  1283 | D:2      | Found an ancient bone altar of Kikubaaqudgha.
  1364 | D:2      | Reached XP level 4. HP: 25/25 MP: 8/8
  1411 | D:2      | Learned a level 2 spell: Swiftness
  1415 | D:2      | Learned a level 3 spell: Static Discharge
  2552 | D:3      | Gained mutation: You can fly continuously. [Tengu growth]
  2552 | D:3      | Reached XP level 5. HP: 28/30 MP: 9/9
  2989 | D:4      | Reached skill level 5 in Air Magic
  3274 | D:4      | Found a staircase to the Ecumenical Temple.
  3285 | Temple   | Entered the Ecumenical Temple
  3411 | D:4      | Found a white marble altar of Elyvilon.
  3750 | D:4      | Noticed Blork the orc
  3779 | D:4      | Killed Blork the orc
  3779 | D:4      | Reached XP level 6. HP: 29/35 MP: 0/11
  3804 | D:4      | Learned a level 4 spell: Airstrike
  3974 | D:4      | You are sucked into a shaft and drop 3 floors!
  3975 | D:7      | Noticed a water moccasin
  4012 | D:7      | Killed a water moccasin
  4238 | D:7      | Found Yceddeta's Serpentskin Sales.
  4582 | D:7      | Reached XP level 7. HP: 40/40 MP: 9/13
  4870 | D:6      | Found a sand-covered staircase.
  4877 | Ossuary  | Entered an ossuary
  5116 | Ossuary  | Reached skill level 5 in Conjurations
  5522 | Ossuary  | Reached XP level 8. HP: 46/46 MP: 7/15
  5851 | Ossuary  | Reached skill level 5 in Dodging
  7068 | D:6      | Found a radiant altar of Vehumet.
  7124 | D:6      | Became a worshipper of Vehumet
  7363 | D:6      | Reached XP level 9. HP: 52/52 MP: 8/17
  7543 | D:5      | Entered Level 5 of the Dungeon
  7580 | D:5      | Reached skill level 5 in Spellcasting
  7831 | D:5      | Reached skill level 5 in Fighting
  8411 | D:5      | Found a glowing silver altar of Zin.
  8572 | D:5      | Found an ornate altar of the Wu Jian Council.
  8693 | D:5      | Learned a level 5 spell: Lightning Bolt
  9447 | D:4      | Noticed Edmund
  9461 | D:5      | Killed Edmund
  9591 | D:7      | Reached * piety under Vehumet
  9591 | D:7      | Offered knowledge of Foxfire by Vehumet.
  9594 | D:7      | Learned a level 1 spell: Foxfire
 10056 | D:7      | Noticed Dowan
 10059 | D:7      | Killed Dowan
 10232 | D:7      | Noticed Duvessa
 10413 | D:7      | Killed Duvessa
 10413 | D:7      | Reached XP level 10. HP: 60/60 MP: 14/19
 11403 | D:8      | Noticed Psyche
 11460 | D:8      | Killed Psyche
 11528 | D:8      | Found a shattered altar of Ashenzari.
 11629 | D:8      | Offered knowledge of Searing Ray by Vehumet.
 11633 | D:8      | Learned a level 2 spell: Searing Ray
 11806 | D:8      | Found a staircase to the Lair.
 11843 | D:8      | Noticed Maurice
 11859 | D:8      | Reached ** piety under Vehumet
 11873 | D:8      | Killed Maurice
 12030 | D:8      | Found an ornate altar of the Wu Jian Council.
 12215 | D:8      | Noticed Maggie
 12227 | D:8      | Killed Maggie
 12414 | D:8      | Noticed an oklob plant
 13068 | D:8      | Killed an oklob plant
 13144 | D:9      | Reached skill level 10 in Air Magic
 13558 | D:9      | Found Heten's Armour Emporium.
 13558 | D:9      | Found a blossoming altar of Fedhas.
 13697 | D:9      | Offered knowledge of Mephitic Cloud by Vehumet.
 13702 | D:9      | Learned a level 3 spell: Mephitic Cloud
 13918 | D:9      | Reached XP level 11. HP: 67/67 MP: 6/22
 14136 | D:9      | Reached *** piety under Vehumet
 14321 | D:9      | Noticed Joseph
 14329 | D:9      | Killed Joseph
 14606 | D:9      | Offered knowledge of Ignite Poison by Vehumet.
 14606 | D:9      | Reached skill level 10 in Conjurations
 15192 | D:10     | Entered Level 10 of the Dungeon
 15197 | D:10     | Killed Grum
 15210 | D:10     | Found a runed translucent gate.
 15210 | D:10     | Found a runed translucent gate.
 15210 | D:10     | Found a runed translucent gate.
 15210 | D:10     | Noticed sigonnn's ghost (journeyman PaFi)
 15294 | D:10     | Noticed a two-headed ogre
 15302 | D:10     | Killed a two-headed ogre
 15506 | D:10     | Noticed Urug
 15671 | D:9      | Learned a level 3 spell: Ignite Poison
 15717 | D:10     | Killed Urug
 15810 | D:10     | Found a staircase to the Orcish Mines.
 16341 | D:11     | Reached **** piety under Vehumet
 16434 | D:11     | Noticed a brown ugly thing
 16479 | D:11     | Killed a brown ugly thing
 16739 | D:11     | Offered knowledge of Iskenderun's Mystic Blast by Vehumet.
 17172 | D:11     | Noticed Fannar
 17323 | D:11     | Killed Fannar
 17327 | D:11     | Noticed a skeletal warrior
 17329 | D:11     | Noticed a skeletal warrior
 17840 | D:11     | Found Jahutai's Gadget Emporium.
 18053 | D:12     | Noticed Snorg
 18053 | D:12     | Noticed a manticore
 18056 | D:12     | Killed a manticore
 18067 | D:12     | Noticed a +7 vorpal mace
 18338 | D:12     | Got a pair of heavily runed gloves
 18346 | D:12     | Identified the +2 pair of gloves "Ottitae" {*Slow rElec
                  | Str+4} (You found it on level 12 of the Dungeon)
 18425 | D:12     | Found a runed translucent door.
 18464 | D:12     | Reached XP level 12. HP: 75/75 MP: 16/25
 18480 | D:12     | Found a transporter.
 18512 | D:12     | Found a transporter.
 18512 | D:12     | Noticed Qeum's ghost (journeyman MiBe)
 18579 | D:12     | Killed Snorg
 18874 | D:12     | Found a runed translucent door.
 18889 | D:12     | Found a runed translucent door.
 18914 | D:12     | Found a runed translucent door.
 19520 | Lair:1   | Entered Level 1 of the Lair of Beasts
 19523 | Lair:1   | Noticed a four-headed hydra
 19678 | D:8      | HP: 3/75 [black mamba (13)]
 19679 | D:8      | Slain by a black mamba

Illustrated notes

Levels and vault maps discovered:
D:1:      heliophobic_arrival_battle_scene, layout_rooms, serial_bayou_lagoon_b
D:2:      layout_loops_cross, kiku_gazebo_pond_becter, minivault_19
D:3:      layout_rooms
D:4:      layout_cave_pools, overflow_temple_1_default,
          minmay_temple_entry_tees, uniq_edmund, uniq_blork_the_orc
D:5:      layout_basic, zin_statuary, kennysheep_mini_moat, minmay_manual_mess
D:6:      layout_basic, lemuel_coloured_pillars_altar, enter_ossuary_4
D:7:      layout_rooms, guppyfry_shop_venom, uniq_duvessa
D:8:      layout_loops_corners, nicolae_ashenzari_panopticon, dpeg_oklobed_lair,
          serial_aquarium, aquarium_bridge_square [aquarium_subvault_wall,
          aquarium_subvault_bridge, aquarium_subvault_wall,
          aquarium_subvault_bridge], aquarium_bridge_island_small
          [aquarium_subvault_small_open, aquarium_subvault_wall,
          aquarium_subvault_bridge, aquarium_subvault_bridge,
          aquarium_subvault_window], aquarium_window_2, aquarium_window_fake,
          aquarium_view_2e, aquarium_view_2c, aquarium_pool_2, minmay_holes,
          palyth_stone_intersect, lemuel_oklob_altar, uniq_psyche, uniq_maurice,
          uniq_maggie
D:9:      layout_gridville, fedhas_altar_1, serial_shops, shop, sword_in_stone,
          uniq_joseph
D:10:     layout_basic, orc_0_dummy, gammafunk_ghost_spectres,
          lemuel_flamethrower_2, uniq_grum, uniq_urug
D:11:     layout_loops_corners, serial_shops, shop, minmay_statues_item,
          uniq_fannar
D:12:     layout_loops_corners, gammafunk_ghost_arena,
          minmay_statue_crystal_thing, uniq_snorg
Temple:   regret_index_temple_waves
Lair:1:   layout_small_grid

Skill      XL: |  1  2  3  4  5  6  7  8  9 10 11 |
---------------+----------------------------------+-----
Conjurations   | 2 3 4 5 6 8 9 11 | 11.4
Fighting       | 1 2 3 4 6 7 8 |  8.8
Dodging        | 3 4 5 7 8 9 |  9.9
Air Magic      | 5 6 7 9 10 11 | 11.9
Spellcasting   | 3 4 5 7 8 |  8.4
Stealth        | |  2.0

Action                   |  1- 3 |  4- 6 |  7- 9 | 10-12 || total
-------------------------+-------+-------+-------+-------++-------
Melee: Unarmed           |    14 |       |       |       ||    14
       Kick              |     4 |    21 |    33 |    92 ||   150
       Dagger            |     4 |    70 |    16 |   165 ||   255
       Peck              |     1 |    12 |    22 |    55 ||    90
       Staff             |       |     9 |   102 |   139 ||   250
 Cast: Shock             |    53 |    72 |   226 |   191 ||   542
       Static Discharge  |       |     1 |     2 |    21 ||    24
       Airstrike         |       |       |    44 |    86 ||   130
       Foxfire           |       |       |     7 |     7 ||    14
       Lightning Bolt    |       |       |       |    30 ||    30
       Mephitic Cloud    |       |       |       |    17 ||    17
       Searing Ray       |       |       |       |     1 ||     1
 Abil: Fly               |       |     1 |       |       ||     1
  Use: Scroll            |     4 |     6 |       |     1 ||    11
       Potion            |       |       |     1 |     3 ||     4
 Stab: Sleeping          |       |     7 |       |     3 ||    10
       Distracted        |       |       |     1 |       ||     1
       Confused          |       |       |       |     7 ||     7
Armor: Robe              |     5 |    23 |    14 |     1 ||    43
       Steam dragon scal |       |       |       |    35 ||    35
       Troll leather arm |       |       |       |    19 ||    19
Dodge: Dodged            |    14 |   122 |   235 |   345 ||   716
Block: Other             |       |       |       |    62 ||    62
       Reflection        |       |       |       |     2 ||     2

Table legend: (Time is in decaauts)
 A = Elapsed time spent in this place.
 B = Non-inter-level travel time spent in this place.
 C = Inter-level travel time spent in this place.
 D = Time resting spent in this place.
 E = Time spent auto-exploring this place.
 F = Levels seen in this place.
 G = Mean time per level.
                   A        B        C        D        E       F      G
               +--------+--------+--------+--------+--------+-----+--------+
         Total |  19006 |  18263 |    743 |   5248 |   9659 |  15 | 1267.1 |
       Dungeon |  17281 |  16558 |    723 |   4236 |   9317 |  12 | 1440.1 |
        Temple |     96 |     77 |     19 |      0 |     74 |   1 |   96.0 |
          Lair |     33 |     33 |      0 |      0 |      1 |   1 |   33.0 |
       Ossuary |   1595 |   1595 |      0 |   1012 |    266 |   1 | 1595.0 |
               +--------+--------+--------+--------+--------+-----+--------+

Top non-repeatable levels by time:
     D:8: 2272 daAuts
     D:9: 2003 daAuts
     D:5: 1877 daAuts
     D:7: 1728 daAuts
    D:11: 1680 daAuts
 Ossuary: 1595 daAuts
    D:12: 1393 daAuts
     D:6: 1322 daAuts
     D:2: 1276 daAuts
     D:1: 1106 daAuts
     D:4: 994 daAuts
     D:3: 877 daAuts
    D:10: 746 daAuts
  Temple: 96 daAuts
  Lair:1: 33 daAuts
